 Dungeon Crawl Stone Soup version 0.27-a0-1188-g73eefd5def (webtiles) character file.

Game seed: 3634623165044836063

39321 Lanoc the Gelid (level 14, -8/103 HPs)
             Began as a Naga Ice Elementalist on May 21, 2021.
             Was a High Priest of Nemelex Xobeh.
             Mangled by an orc knight
             ... wielding a +0 great mace
              (34 damage)
             ... on level 2 of the Orcish Mines.
             The game lasted 00:33:36 (15390 turns).

Lanoc the Gelid (Naga Ice Elementalist)            Turns: 15390, Time: 00:33:36

Health: -8/103     AC: 10    Str: 20    XL:     14   Next: 6%
Magic:  0/28       EV: 15    Int: 20    God:    Nemelex Xobeh [*****.]
Gold:   792        SH:  0    Dex:  6    Spells: 10/17 levels left

rFire    + . .     SeeInvis +   y - +3 mace "Melaut" {flame, Fly rN++ Str+8 Dex-5}
rCold    . . .     Faith    +   (no shield)
rNeg     + + .     Spirit   +   a - +4 moon troll leather armour {Spirit, Regen++ MP+5}
rPois    +         Reflect  .   E - +0 hat {Stlth+}
rElec    .         Harm     .   (no cloak)
rCorr    .         Rampage  .   (no gloves)
Will     +....                  (no barding)
Stlth    +++.......             t - amulet of faith
HPRegen  2.27/turn              d - +4 ring of evasion
MPRegen  0.21/turn              i - ring of protection from fire

@: about to teleport, freezing walls, flying, very slow
A: AC +4, large, see invisible, deformed body, poison resistance, slowness 2,
spit poison 1, naga tail 2
a: Spit Poison, Renounce Religion, Draw Escape, Draw Destruction, Draw
Summoning, Triple Draw, Deal Four, Stack Five


You were on level 2 of the Orcish Mines.
You worshipped Nemelex Xobeh.
Nemelex Xobeh was extremely pleased with you.
You visited 3 branches of the dungeon, and saw 16 of its levels.

You collected 1182 gold pieces.
You spent 390 gold pieces at shops.

Inventory:

Hand Weapons
 e - a +3 scimitar of flaming
 f - a +6 trident of flaming
 y - the +3 mace "Melaut" (weapon) {flame, Fly rN++ Str+8 Dex-5}
   (You found it on level 7 of the Dungeon)

   It has been specially enchanted to burn those struck by it, causing extra
   injury to most foes and up to half again as much damage against particularly
   susceptible opponents.
   It affects your strength (+8).
   It affects your dexterity (-5).
   It greatly protects you from negative energy.
   It grants you flight.
Missiles
 m - 6 curare-tipped darts
 B - 5 throwing nets
 G - 5 atropa-tipped darts
 H - 5 boomerangs of dispersal
Armour
 a - the +4 moon troll leather armour (worn) {Spirit, Regen++ MP+5}
   (You found it on level 4 of the Dungeon)

   It affects your magic capacity (+5).
   It increases your rate of health regeneration.
 E - a +0 hat of stealth (worn)
Jewellery
 d - a +4 ring of evasion (left hand)
 i - a ring of protection from fire (right hand)
 t - an amulet of faith (around neck)
Wands
 r - a wand of iceblast (18)
 x - a wand of charming (8)
 C - a wand of mindburst (18)
 F - a wand of acid (13)
Scrolls
 b - a scroll of enchant weapon {unknown}
 h - a scroll of immolation {unknown}
 n - 4 scrolls of teleportation
 p - 2 scrolls of enchant armour {unknown}
 s - 3 scrolls of amnesia {unknown}
 v - a scroll of blinking {unknown}
 w - a scroll of fog
 A - 2 scrolls of magic mapping
Potions
 c - 3 potions of haste
 g - 4 potions of berserk rage
 j - a potion of attraction
 k - 2 potions of lignification
 l - 7 potions of curing
 o - a potion of cancellation
 q - 2 potions of flight
 u - a potion of resistance
 z - a potion of brilliance
 D - 7 potions of ambrosia
 J - 2 potions of mutation
Miscellaneous
 I - a phantom mirror


   Skills:
 + Level 0.8 Fighting
 + Level 10.3 Dodging
 - Level 3.0 Stealth
 - Level 2.0 Spellcasting
 * Level 16.5 Ice Magic
 + Level 12.6 Invocations


You had 10 spell levels left.
You knew the following spells:

 Your Spells              Type           Power      Damage    Failure   Level
a - Freeze                Ice            100%       1d11      1%          1
b - Frozen Ramparts       Ice            100%       1d12      1%          3
c - Ozocubu's Armour      Ice            62%        N/A       1%          3

Your spell library contained the following spells:

 Spells                   Type           Power      Damage    Failure   Level
 Ensorcelled Hibernation  Hex/Ice        70%        N/A       1%          2
 Hailstorm                Conj/Ice       35%        3d9       6%          4
 Metabolic Englaciation   Hex/Ice        17%        N/A       17%         5
 Animate Skeleton         Necr           4%         N/A       19%         1
 Sting                    Tmut/Pois      8%         1d3       19%         1
 Poisonous Vapours        Pois/Air       4%         N/A       28%         2
 Confusing Touch          Hex            2%         N/A       50%         3
 Gell's Gravitas          Tloc           1%         N/A       50%         3
 Ignite Poison            Fire/Tmut/Pois 2%         N/A       50%         3
 Mephitic Cloud           Conj/Pois/Air  2%         N/A       50%         3
 Spider Form              Tmut/Pois      1%         N/A       50%         3
 Animate Armour           Summ/Erth      4%         N/A       88%         4
 Olgreb's Toxic Radiance  Pois           2%         N/A       88%         4
 Petrify                  Tmut/Erth      2%         N/A       88%         4
 Alistair's Intoxication  Tmut/Pois      1%         N/A       99%         5
 Borgnjor's Vile Clutch   Necr/Erth      1%         N/A       99%         5
 Silence                  Hex/Air        1%         N/A       99%         5
 Yara's Violent Unravell  Hex/Tmut       1%         3d3       99%         5
 Shadow Creatures         Summ           N/A        N/A       100%        6


Dungeon Overview and Level Annotations

Branches:
Dungeon (13/15)            Temple (1/1) D:5            Lair (0/6) D:10
    Orc (2/2) D:12            Elf (0/3) Orc:2        Vaults (0/5) D:13

Altars:
Ashenzari
Fedhas
Nemelex Xobeh
Wu Jian
Yredelemnul
The Shining One
Beogh

Shops:
D:5 (   D:8 [   Orc:2 (**[

Annotations:
D:9 1 runed translucent door
D:13 Rupert, Snorg


Innate Abilities, Weirdness & Mutations

Your serpentine skin is tough. (AC +4)
You have supernaturally acute eyesight. (SInv)
Armour fits poorly on your strangely shaped body.
Your system is resistant to poisons. (rPois)
You cover ground very slowly.
You can spit poison.
You can use your snake-like lower body to constrict enemies.


Message History

You constrict the ogre.
You kill the ogre!
The wall freezes the orc knight!
The wall freezes the orc knight.
The wall freezes the orc knight!
The wall freezes the orc knight.
The orc knight shoots a bolt.
The bolt hits you.
You closely miss the orc knight. You grab the orc knight.
The orc knight is moderately wounded.
You constrict the orc knight, but do no damage.
The wall freezes the orc knight.
The orc knight hits you with a +0 great mace!!!
The wall freezes the orc knight.
The orc knight shoots a bolt.
The bolt misses you.
You hit the orc knight. You burn the orc knight.
The orc knight is moderately wounded.
You constrict the orc knight, but do no damage.
The wall freezes the orc knight.
The orc knight hits you with a +0 great mace!!!
The wall freezes the orc knight. x2; The orc knight closely misses you.
As you read the scroll of teleportation, it crumbles to dust.
You feel strangely unstable.
You constrict the orc knight.
The wall freezes the orc knight.
The orc knight unwields a +0 arbalest.
The orc knight wields a +0 war axe.
The orc knight hits you with a +0 war axe!
* * * LOW HITPOINT WARNING * * *
The wall freezes the orc knight!
The orc knight hits you with a +0 great mace!!
* * * LOW HITPOINT WARNING * * *
You feel much better.
You constrict the orc knight.
The wall freezes the orc knight.
The orc knight hits you with a +0 war axe!
The wall freezes the orc knight!
The orc knight barely misses you.
You draw a card...
You have drawn the Elixir.
You begin rapidly regenerating health and magic.
You constrict the orc knight.
The wall freezes the orc knight!
The orc knight hits you with a +0 war axe!!
* * * LOW HITPOINT WARNING * * *
The wall freezes the orc knight!
The orc knight hits you with a +0 great mace!!!
You die...
Your body glows slightly and disappears.

#.###'#######
#.....#.^...#
#####.#.....#
#∩..#.'..⌠..#
#...).#.....# ..
#...#)#..)).#....
#####.###'###....
#...#o#...........
#...o@#...........
#∩..#.##.........
## ###
#+##.......###.##.
##.......##....#
#..^......#.....
#...............
#.#........#....
###.............
###...........


You could see 2 orc knights.

Vanquished Creatures
  Gastronok (D:9)
  Azrael (D:12)
  A fire dragon (D:13)
  Harold (D:9)
  Erolcha (D:11)
  A boulder beetle (D:13)
  3 two-headed ogres
  4 orc high priests
  2 skeletal warriors (D:12)
  An iron troll (D:13)
  3 orc knights (Orc:2)
  A necromancer (D:13)
  A lindwurm (D:12)
  A swamp dragon (D:13)
  A manticore (D:12)
  4 orc sorcerers (Orc:2)
  An ugly thing (D:12)
  3 cyclopes
  2 unseen horrors (D:12)
  A komodo dragon (D:11)
  9 trolls
  A queen bee (D:9)
  A hornet (D:7)
  Prince Ribbit (D:9)
  6 slime creatures (D:12)
  Sigmund (D:3)
  6 wraiths
  2 shadows
  5 yaks (D:8)
  2 fire elementals (D:12)
  3 water elementals (D:12)
  A basilisk (D:13)
  2 vampire mosquitoes (D:11)
  3 wargs
  5 hell hounds (D:12)
  39 orc warriors
  A black bear (D:6)
  12 ogres
  3 centaurs
  9 kobold brigands
  A bullfrog (D:6)
  7 gnoll sergeants
  13 scorpions
  A wyvern zombie (D:6)
  2 water moccasin skeletons (D:4)
  19 killer bees (D:9)
  14 electric eels
  6 wights (D:6)
  3 howler monkeys
  3 bullfrog zombies
  2 jellies
  2 hounds
  2 centaur zombies
  A centaur skeleton (D:5)
  31 orc priests
  3 iguanas
  27 orc wizards
  A scorpion zombie (D:5)
  18 gnolls
  3 adders
  An ufetubus (D:6)
  An adder zombie (D:5)
  2 worms (D:5)
  A dart slug (D:3)
  89 orcs
  2 endoplasms (D:1)
  6 giant cockroaches
  5 goblins
  8 hobgoblins
  2 jackals (D:2)
  4 quokkas
  6 ball pythons
  5 bats
  2 frilled lizards (D:1)
  28 kobolds
  7 rats (D:1)
  A butterfly (D:9)
475 creatures vanquished.

Vanquished Creatures (collateral kills)
  An orc warlord (Orc:2)
  An orc high priest (Orc:2)
  2 skeletal warriors (D:12)
  An orc sorcerer (Orc:2)
  3 orc warriors (Orc:2)
  An ice beast (D:5)
  3 wights (D:6)
  2 orcs (Orc:2)
14 creatures vanquished.

Vanquished Creatures (others)
  A floating eye (D:13)
  10 plants (D:10)
11 creatures vanquished.

Grand Total: 500 creatures vanquished

Notes
Turn   | Place    | Note
-------+----------+-------------------------------------------
     0 | D:1      | Lanoc the Naga Ice Elementalist began the quest for the
                  | Orb.
     0 | D:1      | Reached XP level 1. HP: 15/15 MP: 3/3
   375 | D:1      | Reached XP level 2. HP: 22/22 MP: 5/5
   749 | D:1      | Reached XP level 3. HP: 28/28 MP: 6/6
   754 | D:1      | Learned a level 3 spell: Frozen Ramparts
  1270 | D:2      | Reached skill level 5 in Ice Magic
  1383 | D:2      | Found a faded altar of an unknown god.
  1393 | D:2      | Became a worshipper of Nemelex Xobeh the Trickster
  1393 | D:2      | Reached * piety under Nemelex Xobeh
  1465 | D:2      | Reached XP level 4. HP: 27/36 MP: 3/7
  1607 | D:2      | Received a gift from Nemelex Xobeh
  1722 | D:3      | Reached XP level 5. HP: 42/42 MP: 8/8
  1972 | D:3      | Noticed Sigmund
  1991 | D:3      | Killed Sigmund
  1992 | D:3      | Reached skill level 6 in Ice Magic
  1992 | D:3      | Reached XP level 6. HP: 26/49 MP: 0/9
  2541 | D:3      | Identified the Reference Book on Noxious Sinister Arts
  2692 | D:4      | Learned a level 3 spell: Ozocubu's Armour
  2702 | D:4      | Found the +4 moon troll leather armour {Spirit, Regen++
                  | MP+5}
  3034 | D:4      | Reached XP level 7. HP: 55/55 MP: 10/10
  3209 | D:4      | Reached ** piety under Nemelex Xobeh
  3223 | D:4      | Received a gift from Nemelex Xobeh
  3661 | D:5      | Entered Level 5 of the Dungeon
  3667 | D:5      | Reached skill level 7 in Ice Magic
  3838 | D:5      | Found Ymeuc's Antique Weapon Shop.
  4080 | D:5      | Found a staircase to the Ecumenical Temple.
  4087 | Temple   | Entered the Ecumenical Temple
  4219 | D:5      | Noticed a red devil
  4481 | D:5      | Reached XP level 8. HP: 62/62 MP: 11/11
  4843 | D:6      | Reached skill level 8 in Ice Magic
  5059 | D:6      | Reached skill level 5 in Invocations
  5271 | D:6      | Reached skill level 9 in Ice Magic
  5454 | D:6      | Reached XP level 9. HP: 68/68 MP: 13/13
  5582 | D:6      | Reached skill level 5 in Dodging
  5769 | D:6      | Received a gift from Nemelex Xobeh
  6085 | D:7      | Reached *** piety under Nemelex Xobeh
  6361 | D:7      | Noticed a hornet
  6367 | D:7      | Paralysed by a hornet for 1 turns
  6369 | D:7      | Killed a hornet
  6370 | D:7      | Reached skill level 10 in Ice Magic
  6416 | D:7      | Identified the +3 mace "Melaut" {flame, Fly rN++ Str+8
                  | Dex-5}
  6595 | D:8      | Received a gift from Nemelex Xobeh
  6846 | D:8      | Reached XP level 10. HP: 56/75 MP: 10/15
  7008 | D:8      | Received a gift from Nemelex Xobeh
  7073 | D:8      | Found Lots's Armour Boutique.
  7353 | D:9      | Noticed Harold
  7356 | D:9      | Reached skill level 11 in Ice Magic
  7358 | D:9      | Noticed Prince Ribbit
  7364 | D:9      | Killed Harold
  7378 | D:9      | Killed Prince Ribbit
  7671 | D:9      | Found a runed translucent door.
  7673 | D:9      | Found a runed translucent door.
  7679 | D:9      | Reached skill level 12 in Ice Magic
  7683 | D:9      | Reached XP level 11. HP: 80/81 MP: 17/17
  7724 | D:9      | Noticed Gastronok
  7743 | D:9      | Killed Gastronok
  8091 | D:9      | Reached **** piety under Nemelex Xobeh
  8136 | D:9      | Received a gift from Nemelex Xobeh
  8233 | D:10     | Entered Level 10 of the Dungeon
  8246 | D:10     | Found a blossoming altar of Fedhas.
  8894 | D:10     | Found a staircase to the Lair.
  9080 | D:11     | Received a gift from Nemelex Xobeh
  9120 | D:11     | Noticed a two-headed ogre
  9245 | D:11     | Noticed a two-headed ogre
  9256 | D:11     | Killed a two-headed ogre
  9257 | D:11     | Reached skill level 13 in Ice Magic
  9258 | D:11     | Killed a two-headed ogre
  9407 | D:11     | Noticed Erolcha
  9413 | D:11     | Killed Erolcha
  9613 | D:11     | Received a gift from Nemelex Xobeh
  9688 | D:11     | Reached ***** piety under Nemelex Xobeh
 10105 | D:12     | Noticed a brown ugly thing
 10115 | D:12     | Killed a brown ugly thing
 10116 | D:12     | Reached skill level 10 in Invocations
 10117 | D:12     | Reached XP level 12. HP: 27/88 MP: 5/19
 10856 | D:12     | Reached skill level 14 in Ice Magic
 11210 | D:12     | Noticed Azrael
 11221 | D:12     | Killed Azrael
 11974 | D:12     | Found a staircase to the Orcish Mines.
 11990 | D:12     | Noticed a death knight
 12000 | D:12     | a death knight changed into a lindwurm
 12004 | D:12     | Reached skill level 15 in Ice Magic
 12034 | D:12     | Gained mutation: You can use your snake-like lower body to
                  | constrict enemies. [Naga growth]
 12034 | D:12     | Reached XP level 13. HP: 92/94 MP: 4/21
 12341 | D:13     | Noticed Nessos
 12351 | D:13     | Noticed Nessos
 12351 | D:13     | Nessos changed into Nessos the swamp dragon
 12360 | D:13     | Killed Nessos the swamp dragon
 12387 | D:13     | HP: 4/94 [iron troll (2)]
 12533 | D:13     | Noticed a fire dragon
 12537 | D:13     | Killed a fire dragon
 12677 | D:13     | Noticed Snorg
 12779 | D:13     | Found a gate to the Vaults.
 12824 | D:13     | Noticed Rupert
 12911 | Orc:1    | Entered Level 1 of the Orcish Mines
 13320 | Orc:1    | Received a gift from Nemelex Xobeh
 13439 | Orc:2    | Entered Level 2 of the Orcish Mines
 14200 | Orc:2    | Found a staircase to the Elven Halls.
 14379 | Orc:2    | Reached skill level 16 in Ice Magic
 14499 | Orc:2    | Noticed an orc warlord
 14509 | Orc:2    | Reached skill level 10 in Dodging
 14528 | Orc:2    | Killed an orc warlord
 14667 | Orc:2    | Found Doqik's Assorted Antiques.
 14741 | Orc:2    | Bought a potion of haste for 260 gold pieces
 14741 | Orc:2    | Bought a potion of heal wounds for 130 gold pieces
 14834 | Orc:2    | Found Xyesur's Armour Boutique.
 15228 | Orc:2    | Reached XP level 14. HP: 80/102 MP: 13/23
 15333 | Orc:2    | Found Rodeumot's Antique Weapon Emporium.
 15382 | Orc:2    | Found Wenups's General Store.
 15390 | Orc:2    | Mangled by an orc knight

Illustrated notes

Levels and vault maps discovered:
D:1:      lightli_arrival_isolated_outpost, layout_basic,
          minmay_misc_feat_four_crosses
D:2:      layout_rooms, chequers_ecumenical_altar_island
D:3:      layout_basic, uniq_sigmund
D:4:      layout_loops_corners
D:5:      layout_rooms, minmay_temple_entry_junction, serial_shops,
          nicolae_shop_statue_plus, minmay_misc_feat_rows
D:6:      layout_basic, chequers_serial_rivers_room_b
D:7:      layout_rooms
D:8:      layout_loops_ring, serial_shops, kennysheep_mini_moat
D:9:      lemuel_insect_pit, layout_rooms, special_room [special_room_bee],
          uniq_harold, uniq_prince_ribbit1, uniq_gastronok
D:10:     layout_basic, lemuel_tele_altar, lair_entry_dummy, serial_bayou,
          serial_bayou_lake_a, serial_bayou_crossing, serial_bayou_lagoon_b,
          serial_bayou_pond_a, item_on_display_a
D:11:     layout_long_grid, chequers_hall_statues_corner_a, uniq_erolcha
D:12:     erik_rubicon_a, layout_loops_cross,
          kennysheep_orc_monster_closet_entryway, uniq_azrael
D:13:     layout_gridville, david_vaults_4, serial_shops, kennysheep_little_box,
          tso_altar, uniq_rupert, uniq_nessos, uniq_frances, uniq_snorg
Temple:   nicolae_temple_the_god_donut
Orc:1:    layout_caves, basic_altar
Orc:2:    pubby_orc_utopia, serial_shops

Skill      XL: |  1  2  3  4  5  6  7  8  9 10 11 12 13 |
---------------+----------------------------------------+-----
Dodging        | 2 3 4 6 7 8 9 10 | 10.3
Ice Magic      | 5 6 7 9 10 12 13 15 16 | 16.5
Invocations    | 2 3 5 7 8 10 11 12 | 12.6
Fighting       | |  0.8
Stealth        | |  3.0
Spellcasting   | |  2.0

Action                   |  1- 3 |  4- 6 |  7- 9 | 10-12 | 13-15 || total
-------------------------+-------+-------+-------+-------+-------++-------
Melee: Unarmed           |     3 |       |       |       |       ||     3
       Dagger            |    23 |    32 |   136 |       |       ||   191
       Short sword       |       |       |    89 |       |       ||    89
       Mace              |       |       |    35 |   239 |   180 ||   454
       Constrict         |       |       |       |       |    53 ||    53
 Cast: Freeze            |    25 |       |    10 |    30 |     2 ||    67
       Frozen Ramparts   |     1 |     8 |    35 |    59 |    50 ||   153
       Ozocubu's Armour  |       |       |       |     3 |       ||     3
Invok: Draw Summoning    |       |       |     3 |     5 |     7 ||    15
       Draw Destruction  |       |       |    15 |    19 |     2 ||    36
       Draw Escape       |       |       |       |       |     1 ||     1
 Abil: Spit Poison       |    26 |    12 |    31 |    36 |    13 ||   118
  Use: Potion            |       |     1 |     2 |     1 |     2 ||     6
       Scroll            |       |       |       |    10 |     4 ||    14
 Stab: Sleeping          |       |       |       |     1 |       ||     1
Armor: Robe              |     7 |       |       |       |       ||     7
       Troll leather arm |       |     7 |   105 |   105 |    63 ||   280
       Leather armour    |       |     1 |       |       |       ||     1
Dodge: Dodged            |    34 |    16 |   249 |   263 |   212 ||   774

Table legend: (Time is in decaauts)
 A = Elapsed time spent in this place.
 B = Non-inter-level travel time spent in this place.
 C = Inter-level travel time spent in this place.
 D = Time resting spent in this place.
 E = Time spent auto-exploring this place.
 F = Levels seen in this place.
 G = Mean time per level.
                   A        B        C        D        E       F      G
               +--------+--------+--------+--------+--------+-----+--------+
         Total |  18951 |  18197 |    754 |    153 |  14789 |  16 | 1184.4 |
       Dungeon |  16031 |  15288 |    743 |    153 |  12558 |  13 | 1233.2 |
        Temple |      1 |      1 |      0 |      0 |      0 |   1 |    1.0 |
  Orcish Mines |   2919 |   2908 |     11 |      0 |   2231 |   2 | 1459.5 |
               +--------+--------+--------+--------+--------+-----+--------+

Top non-repeatable levels by time:
    D:12: 2979 daAuts
   Orc:2: 2280 daAuts
     D:6: 1665 daAuts
     D:4: 1333 daAuts
     D:1: 1322 daAuts
    D:11: 1311 daAuts
     D:3: 1231 daAuts
     D:5: 1098 daAuts
     D:9: 1078 daAuts
    D:10: 1067 daAuts
     D:8: 985 daAuts
     D:7: 838 daAuts
     D:2: 691 daAuts
   Orc:1: 638 daAuts
    D:13: 428 daAuts
